 Dungeon Crawl Stone Soup version 0.24.0-123-gd5b16e6ec5 (webtiles) character file.

Game seed: 1999564326927199369, levelgen mode: deterministic

79 Draugr the Stinger (level 4, -6/48 HPs)
             Began as a Demonspawn Venom Mage on Feb 10, 2020.
             Killed by divine providence
             ... invoked by an orc priest
              (11 damage)
             ... on level 3 of the Dungeon.
             The game lasted 00:17:30 (2927 turns).

Draugr the Stinger (Demonspawn Venom Mage)          Turns: 2927, Time: 00:17:30

Health: -6/48      AC: 22    Str:  8    XL:     4   Next: 16%
Magic:  6/7        EV:  2    Int: 17    God:
Gold:   163        SH:  0    Dex: 16    Spells: 6/7 levels left

rFire    . . .     SeeInvis .   d - +2 whip (vamp)
rCold    . . .     Gourm    .   (no shield)
rNeg     + + +     Faith    .   (armour currently unavailable)
rPois    +         Spirit   .   (helmet currently unavailable)
rElec    .         Reflect  .   (cloak currently unavailable)
rCorr    .         Harm     .   (gloves currently unavailable)
MR       .....     NoTele   +   (boots currently unavailable)
Stlth    ++........             (no amulet)
HPRegen  0.16/turn              (no ring)
MPRegen  0.10/turn              (no ring)

@: tree-form
A: thin skeletal structure 1
a: no special abilities


You were on level 3 of the Dungeon.
You were not hungry.
You were a tree.
You visited 1 branch of the dungeon, and saw 3 of its levels.

You collected 163 gold pieces.

Inventory:

Hand Weapons
 d - a +2 vampiric whip (weapon)
 e - a +0 dagger
 i - a +0 vampiric dagger
Armour
 a - a +0 robe (melded)
 l - a +1 cloak (melded)
Scrolls
 g - a scroll of teleportation
 h - a scroll of identify
Potions
 k - a potion of heal wounds {unknown}
 m - a potion of cancellation
 n - a potion of degeneration {unknown}
Comestibles
 c - 6 rations


   Skills:
 - Level 1.0 Fighting
 - Level 2.0 Maces & Flails
 + Level 2.6 Dodging
 - Level 1.7 Stealth
 - Level 2.0 Spellcasting
 - Level 2.0 Conjurations
 - Level 3.0 Poison Magic


You had 6 spell levels left.
You knew the following spells:

 Your Spells              Type           Power        Failure   Level  Hunger
a - Sting                 Conj/Pois      ##..         7%          1    #......

Your spell library contained the following spells:

 Spells                   Type           Power        Failure   Level  Hunger
 Poisonous Vapours        Pois/Air       #.....       16%         2    ###....
 Mephitic Cloud           Conj/Pois/Air  #.......     28%         3    ###....
 Olgreb's Toxic Radiance  Pois           ##......     50%         4    #####..
 Venom Bolt               Conj/Pois      ##........   88%         5    ######.


Dungeon Overview and Level Annotations

Branches:
Dungeon (3/15)

Altars:
Xom


Innate Abilities, Weirdness & Mutations

((You have sharp fingernails.))
You have a somewhat thin skeletal structure. (Dex +2, Stealth)
((You are partially covered in sharp spines.))


Message History

The orc priest misses you.
You hit the orc.
You feel better.
The orc is severely wounded.
The orc hits you with a +0 club.
* * * LOW HITPOINT WARNING * * *
The orc priest calls down the wrath of Beogh upon you.
Pain shoots through your body!
* * * LOW HITPOINT WARNING * * *
It was a potion of cancellation.
You feel magically purged. The orc hits you with a +0 club.
* * * LOW HITPOINT WARNING * * *
The orc priest is struck by your spines.
The orc priest closely misses you.
Okay, then.
It was a potion of lignification.
You turn into a tree.
Your +1 cloak melds into your body.
Your +0 robe melds into your body.
Your roots penetrate the ground.
The orc hits you but does no damage.
The orc priest calls down the wrath of Beogh upon you.
Beogh smites you!
You die...

#._.......
###8........ #.
#..(....## ..
#8......## .
#.8..8.8## .#
##########
###.#####... #
#oo.#.. ... # #♣#
#.# #.## #
#.###'###..#
#........#.#
#........#.#
#..÷...[.#.##
.............#..#
....##.......##.##
.....
#.......##..# ....
.........###.##


You could see an orc priest and an orc.

Vanquished Creatures
  2 adders
  2 dart slugs
  3 leopard geckos
  An orc (D:3)
  2 ball pythons
  4 giant cockroaches
  6 goblins
  A hobgoblin (D:1)
  5 jackals (D:1)
  4 bats
  A frilled lizard (D:3)
  12 kobolds
  11 rats
54 creatures vanquished.

Vanquished Creatures (others)
  7 toadstools (D:3)
7 creatures vanquished.

Grand Total: 61 creatures vanquished

Notes
Turn   | Place    | Note
-------+----------+-------------------------------------------
     0 | D:1      | Draugr the Demonspawn Venom Mage began the quest for the
                  | Orb.
     0 | D:1      | Reached XP level 1. HP: 13/13 MP: 3/3
   280 | D:1      | Gained mutation: You have sharp fingernails. [demonic
                  | ancestry]
   280 | D:1      | Reached XP level 2. HP: 19/19 MP: 3/5
   767 | D:1      | Reached skill level 1 in Maces & Flails
  1024 | D:1      | Reached skill level 1 in Fighting
  1229 | D:2      | Gained mutation: You are partially covered in sharp spines.
                  | [demonic ancestry]
  1229 | D:2      | Reached XP level 3. HP: 20/26 MP: 6/6
  2514 | D:3      | Gained mutation: You have a somewhat thin skeletal
                  | structure. (Dex +2, Stealth) [demonic ancestry]
  2514 | D:3      | Reached XP level 4. HP: 32/32 MP: 7/7
  2740 | D:3      | Found a hazy altar of Hepliaklqana.
  2743 | D:3      | Found a shimmering blue altar of Sif Muna.
  2743 | D:3      | Found a stormy altar of Qazlal.
  2745 | D:3      | Found a shimmering altar of Xom.
  2745 | D:3      | Found a shimmering blue altar of Sif Muna.
  2745 | D:3      | Found a shadowy altar of Dithmenos.
  2927 | D:3      | Killed from afar by an orc priest

Levels and vault maps discovered:
D:1:      wheals_arrival_linesprint, layout_loops_ring
D:2:      layout_basic, first_ration
D:3:      cheibrodos_fertilizer, layout_basic, doesnt_xom_only_xom

Skill      XL: |  1  2  3 |
---------------+----------+-----
Conjurations   | 2 |  2.0
Dodging        | 2 |  2.6
Maces & Flails | 1 2 |  2.0
Fighting       | 1 |  1.0
Stealth        | |  1.7
Spellcasting   | |  2.0
Poison Magic   | |  3.0

Action                   |  1- 3 |  4- 6 || total
-------------------------+-------+-------++-------
Melee: Whip              |    61 |    25 ||    86
 Cast: Sting             |    40 |     3 ||    43
  Use: Scroll            |     1 |     3 ||     4
       Potion            |       |     2 ||     2
 Stab: Sleeping          |     3 |       ||     3
  Eat: Chunk             |     5 |     2 ||     7
Armor: Robe              |    26 |     3 ||    29
       Skin              |       |     1 ||     1
Dodge: Dodged            |    60 |    16 ||    76
